 Dungeon Crawl Stone Soup version 0.31.0-9-g3a7656b989 (webtiles) character file.

Game seed: 11894366979703027525

184 qw the Ducker (level 5, -3/27 HPs)
             Began as a Spriggan Hunter on Feb 2, 2024.
             Was an Initiate of Okawaru.
             Slain by Grinder (7 damage)
             ... on level 3 of the Dungeon.
             The game lasted 00:00:07 (2109 turns).

qw the Ducker (Spriggan Hunter)                     Turns: 2109, Time: 00:00:08

Health: -3/27      AC:  2    Str:  7    XL:     5   Next: 36%
Magic:  6/6        EV: 20    Int: 11    God:    Okawaru [......]
Gold:   75         SH:  0    Dex: 20    Spells: 4/4 levels left

rFire   . . .        a - +2 shortbow
rCold   . . .        (shield currently unavailable)
rNeg    . . .        c - +0 robe
rPois   .            (helmet restricted)
rElec   .            (no cloak)
rCorr   .            (gloves unavailable)
SInv    +            (boots unavailable)
Will    .....        d - amulet of the acrobat
Stlth   ++           (no ring)
HPRegen 0.24/turn    (no ring)
MPRegen 0.10/turn

%: acrobat
@: about to teleport, very quick
A: very small, no large weapons, unfitting armour, see invisible, speed 3
a: Renounce Religion


You were on level 3 of the Dungeon.
You worshipped Okawaru.
Okawaru was noncommittal.
You visited 1 branch of the dungeon, and saw 3 of its levels.

You collected 75 gold pieces.


Innate Abilities, Weirdness & Mutations

You are very small and have problems with some larger weapons.
You are too small for most types of armour.
You have supernaturally acute eyesight. (SInv)
You cover ground extremely quickly. (Speed+++)


   Skills:
 - Level 2.5 Fighting
 + Level 5.1 Ranged Weapons
 - Level 5.3 Dodging
 - Level 1.5 Stealth


You had 4 spell levels left.
You didn't know any spells.
Your spell library was empty.

Inventory:

Hand Weapons
 a - a +2 shortbow (weapon)
Armour
 c - a +0 robe (worn)
Jewellery
 d - an amulet of the acrobat (around neck)
Scrolls
 e - a scroll of revelation {unknown}
 g - a scroll of blinking {unknown}
 h - a scroll of teleportation
Potions
 b - a potion of might
 f - a potion of curing {unknown}

Dungeon Overview and Level Annotations

Branches:
Dungeon (3/15)

Altars:
Hepliaklqana
Nemelex Xobeh
Okawaru
Zin

Annotations:
D:3 Grinder


Message History

Grinder blinks!
You can move again.
You shoot an arrow. The arrow hits Grinder!
Grinder is moderately wounded.
Grinder blinks!
2091 ||| FLEEEEING.
Grinder gestures at you.
You shrug off the repeated paralysis!
2092 ||| FLEEEEING.
2093 ||| FLEEEEING.
2094 ||| FLEEEEING.
You open the door.
2095 ||| FLEEEEING.
There is an open door here.
2096 ||| FLEEEEING.
2097 ||| FLEEEEING.
You start resting.
Grinder is nearby!
You shoot an arrow. The arrow hits Grinder.
Grinder is moderately wounded.
Grinder gestures at you. You resist with some effort.
You shoot an arrow. The arrow hits Grinder!
Grinder is heavily wounded.
You shoot an arrow. The arrow closely misses Grinder.
Grinder barely misses you.
You shoot an arrow. The arrow hits Grinder!
Grinder is severely wounded.
Grinder closely misses you. Grinder barely misses you.
You shoot an arrow. The arrow hits Grinder!
Grinder is almost dead.
Grinder closely misses you.
You shoot an arrow. The arrow closely misses Grinder.
Grinder gestures at you. Pain shoots through your body!
2109 ||| READING 2 scrolls of teleportation.
As you read the scroll of teleportation, it crumbles to dust.
You feel strangely unstable. Grinder hits you!
You die...
Grinder says, "Hey, I wasn't done torturing you yet!"

.############################
.....5.......................
.##.......##...........#####.
...........'...........'.....
.##.......##5..........######
#.......##@..........#
#.......##...........#
##########...........# ##
#...........# #.
#...........# #.
#...........# #.
#...........# #.
#...........# #.
#.......>...# #.


You could see Grinder.

Vanquished Creatures
  A scorpion (D:3)
  Jessica (D:2)
  Ijyb (D:3)
  2 dart slugs
  An orc (D:3)
  5 ball pythons
  7 endoplasms
  14 giant cockroaches
  5 goblins
  6 hobgoblins
  5 kobolds
  5 bats
  5 frilled lizards
  6 rats
64 creatures vanquished.

Notes
Turn   | Place    | Note
-------+----------+-------------------------------------------
     0 | D:1      | qw the Spriggan Hunter began the quest for the Orb.
     0 | D:1      | Reached XP level 1. HP: 10/10 MP: 2/2
     0 | D:1      | 0 ||| qw: Version: 0.3-a-155-g5e7d8dd
     0 | D:1      | 0 ||| qw: Game counter: 378
     0 | D:1      | 0 ||| qw: Melee chars always use a shield: true
     0 | D:1      | 0 ||| qw: God list: Okawaru
     0 | D:1      | 0 ||| qw: Allow faded altars: false
     0 | D:1      | 0 ||| qw: Do Orc after clearing Dungeon:15 true
     0 | D:1      | 0 ||| qw: Do second Lair branch before Depths: true
     0 | D:1      | 0 ||| qw: Lair rune preference: random
     0 | D:1      | 0 ||| qw: Goals: Normal
     0 | D:1      | 0 ||| PLANNING D:1-11
    26 | D:1      | Reached skill level 3 in Dodging
   235 | D:1      | Reached XP level 2. HP: 14/14 MP: 3/3
   844 | D:1      | 844 ||| READING scroll labelled NEDWEU BUQACANIA.
   845 | D:1      | 845 ||| READING 3 scrolls labelled OPNEOBR DYEZA.
   845 | D:1      | 845 ||| IDENTIFYING scroll labelled ROFFIS FIBB
   846 | D:1      | 846 ||| READING 2 scrolls of identify.
   846 | D:1      | 846 ||| IDENTIFYING scroll labelled EFAYMI DUOWUXA
   847 | D:1      | 847 ||| READING scroll of enchant weapon.
   847 | D:1      | 847 ||| ENCHANTING +0 shortbow.
   848 | D:1      | 848 ||| DROPPING scroll of butterflies.
   954 | D:2      | Reached XP level 3. HP: 15/18 MP: 4/4
  1067 | D:2      | Noticed Jessica
  1069 | D:2      | 1069 ||| FLEEEEING.
  1070 | D:2      | 1070 ||| FLEEEEING.
  1071 | D:2      | 1071 ||| FLEEEEING.
  1072 | D:2      | 1072 ||| FLEEEEING.
  1073 | D:2      | 1073 ||| FLEEEEING.
  1074 | D:2      | 1074 ||| FLEEEEING.
  1075 | D:2      | 1075 ||| FLEEEEING.
  1076 | D:2      | 1076 ||| FLEEEEING.
  1077 | D:2      | 1077 ||| FLEEEEING.
  1080 | D:2      | 1080 ||| FLEEEEING.
  1084 | D:2      | Killed Jessica
  1102 | D:2      | Reached XP level 4. HP: 22/22 MP: 5/5
  1179 | D:2      | 1179 ||| READING scroll of enchant weapon.
  1179 | D:2      | 1179 ||| ENCHANTING +1 shortbow.
  1674 | D:2      | 1674 ||| READING scroll of identify.
  1674 | D:2      | 1674 ||| IDENTIFYING purple potion
  1834 | D:3      | Noticed Ijyb
  1845 | D:3      | HP: 5/22 [Ijyb/+0 club (5)]
  1846 | D:3      | 1846 ||| READING scroll of teleportation.
  1848 | D:3      | Killed Ijyb
  1966 | D:3      | Noticed a scorpion
  1974 | D:3      | Killed a scorpion
  1975 | D:3      | Reached XP level 5. HP: 24/27 MP: 6/6
  1993 | D:3      | Found a glowing silver altar of Zin.
  1994 | D:3      | Found an iron altar of Okawaru.
  1995 | D:3      | 1995 ||| PLANNING OKAWARU WORSHIP
  1995 | D:3      | 1995 ||| UPGRADING to amulet of the acrobat.
  2000 | D:3      | Found a hazy altar of Hepliaklqana.
  2000 | D:3      | Found a sparkling altar of Nemelex Xobeh.
  2007 | D:3      | Became a worshipper of Warmaster Okawaru
  2008 | D:3      | 2008 ||| PLANNING D:1-11
  2078 | D:3      | Noticed Grinder
  2086 | D:3      | Paralysed by Grinder for 4 turns
  2091 | D:3      | 2091 ||| FLEEEEING.
  2092 | D:3      | 2092 ||| FLEEEEING.
  2093 | D:3      | 2093 ||| FLEEEEING.
  2094 | D:3      | 2094 ||| FLEEEEING.
  2095 | D:3      | 2095 ||| FLEEEEING.
  2096 | D:3      | 2096 ||| FLEEEEING.
  2097 | D:3      | 2097 ||| FLEEEEING.
  2108 | D:3      | HP: 4/27 [Grinder/nerve-wracking pain (8)]
  2109 | D:3      | 2109 ||| READING 2 scrolls of teleportation.
  2109 | D:3      | Slain by Grinder

Levels and vault maps discovered:
D:1:      heliophobic_arrival_ceremonial_halls, layout_loops_corners,
          serial_rivers, chequers_serial_rivers_room_a,
          chequers_serial_rivers_large_a, chequers_serial_rivers_small_b,
          chequers_serial_rivers_room_b, chequers_serial_rivers_small_b,
          minmay_misc_feat_alley, minivault_19
D:2:      minmay_roachtagon, layout_basic, minmay_tromino_v4_a, uniq_jessica
D:3:      kennysheep_goblin_castle, layout_basic,
          chequers_temple_overflow_statue_of_worship, kennysheep_potato,
          uniq_grinder, uniq_ijyb, uniq_robin

Skill      XL: |  1  2  3  4 |
---------------+-------------+-----
Dodging        | 3 4 5 |  5.3
Ranged Weapons | 5 |  5.1
Fighting       | 2 |  2.5
Stealth        | |  1.5

Action                     |  1- 3 |  4- 6 || total
---------------------------+-------+-------++-------
   Fire: Shortbow          |    87 |    84 ||   171
    Use: Scroll            |     4 |     4 ||     8
 Armour: Robe              |     9 |    10 ||    19
  Dodge: Dodged            |    31 |    23 ||    54

Table legend:
 A = Non-vault XP
 B = Vault XP
 C = Vault XP percentage of total XP
 D = Non-vault monster count
 E = Vault monster count
 F = Vault count percentage of total count
                 A         B        C        D         E       F
            +---------+---------+-------+---------+---------+-------
      Total |     156 |     107 |  40.7 |      44 |      20 |  31.2
            +---------+---------+-------+---------+---------+-------
        D:1 |      29 |       0 |   0.0 |      17 |       0 |   0.0
        D:2 |      26 |      64 |  71.1 |      16 |      15 |  48.4
        D:3 |     101 |      43 |  29.9 |      11 |       5 |  31.2
            +---------+---------+-------+---------+---------+-------
